 Dungeon Crawl Stone Soup version 0.31-a0-185-g9dded2c639 (webtiles) character file.

Game seed: 6314537121627247081

41 qw the Shooter (level 3, 0/20 HPs)
             Began as a Deep Elf Hunter on June 22, 2023.
             Slain by an adder (2 damage)
             ... on level 2 of the Dungeon.
             The game lasted 00:00:21 (735 turns).

qw the Shooter (Deep Elf Hunter)                     Turns: 735, Time: 00:00:22

Health: 0/20       AC:  3    Str: 10    XL:     3   Next: 32%
Magic:  5/5        EV: 12    Int: 13    God:
Gold:   70         SH:  0    Dex: 18    Spells: 2/2 levels left

rFire   . . .        Y - +0 shortbow
rCold   . . .        (shield currently unavailable)
rNeg    . . .        c - +0 leather armour
rPois   +            (no helmet)
rElec   .            (no cloak)
rCorr   .            (no gloves)
SInv    .            (no boots)
Will    .....        (no amulet)
Stlth   ++           e - ring of poison resistance
HPRegen 0.23/turn    (no ring)
MPRegen 0.09/turn

%: no passive effects
@: no status effects
A: no striking features
a: no special abilities


You were on level 2 of the Dungeon.
You visited 1 branch of the dungeon, and saw 2 of its levels.

You collected 70 gold pieces.


   Skills:
 - Level 1.5 Fighting
 + Level 6.9 Ranged Weapons
 - Level 2.4 Dodging
 - Level 1.2 Stealth


You had 2 spell levels left.
You didn't know any spells.
Your spell library was empty.

Inventory:

Hand Weapons
 Y - a +0 shortbow (weapon)
Armour
 c - a +0 leather armour (worn)
 d - a +0 cloak
 i - a +0 ring mail
Jewellery
 e - a ring of poison resistance (left hand)
Scrolls
 a - a scroll of poison {unknown}
 b - a scroll of enchant weapon {unknown}
 h - a scroll of identify
Potions
 f - a potion of haste {unknown}
 g - 2 potions of lignification {unknown}

Dungeon Overview and Level Annotations

Branches:
Dungeon (2/15)

Altars:


Message History

A dart slug comes into view.
You shoot an arrow. The arrow hits the dart slug.
The dart slug is heavily wounded.
You shoot an arrow. The arrow hits the dart slug!
You kill the dart slug!
d - a +0 cloak
g - 2 fizzy inky potions You see here a hobgoblin corpse.
h - a scroll of identify
i - a +0 ring mail A kobold comes into view.
It is wielding a +0 dagger.
You shoot an arrow. The arrow barely misses the kobold.
You shoot an arrow. The arrow hits the kobold.
You kill the kobold!
A ball python comes into view.
You shoot an arrow. The arrow hits the ball python!
You kill the ball python!
You now have 70 gold pieces (gained 9).
Found 4 stones.
An adder comes into view.
You shoot an arrow. The arrow hits the adder.
The adder is heavily wounded.
A worm comes into view.
You shoot an arrow. The arrow hits the worm.
The worm is moderately wounded.
You shoot an arrow. The arrow hits the worm.
The worm is heavily wounded.
You shoot an arrow.
The arrow hits the worm but does no damage.
The worm is heavily wounded.
The worm bites you!
You shoot an arrow. The arrow hits the worm.
The worm is heavily wounded.
The adder barely misses you. The adder closely misses you.
You shoot an arrow. The arrow hits the worm.
The worm is almost dead.
The adder bites you. The worm bites you!
You shoot an arrow. The arrow completely misses the worm.
The adder bites you but does no damage. The adder bites you.
You die...

........####
.....#.....#
..#%....##.#########
.#.#...##..........#
.#.#.####.##)....#.#
...#.# #...#....#.##
##.#.# #%....#..#...#
#....##......###...(#
#..####.#...# #.@...#
#..........# #wS...#
#.######..# ..#....#
<.# ##. ....!##..#
### #.....$? ..#
######## ###.##. #.#
........ .. .. ..
.....# #. .. ...
.#...#


You could see a worm and an adder.

Vanquished Creatures
  3 dart slugs
  3 ball pythons
  2 bats (D:1)
  6 endoplasms (D:1)
  2 giant cockroaches (D:1)
  3 hobgoblins
  2 jackals (D:1)
  A kobold (D:2)
  3 quokkas (D:1)
  2 frilled lizards (D:1)
  A rat (D:1)
28 creatures vanquished.

Notes
Turn   | Place    | Note
-------+----------+-------------------------------------------
     0 | D:1      | qw the Deep Elf Hunter began the quest for the Orb.
     0 | D:1      | Reached XP level 1. HP: 12/12 MP: 3/3
     0 | D:1      | 0 ||| qw: Version: 0.3-a-9-g12657ce
     0 | D:1      | 0 ||| qw: Game counter: 1804
     0 | D:1      | 0 ||| qw: Always use a shield: true
     0 | D:1      | 0 ||| qw: God list: Okawaru
     0 | D:1      | 0 ||| qw: Allow faded altars: false
     0 | D:1      | 0 ||| qw: Do Orc after D:15 true
     0 | D:1      | 0 ||| qw: Do second Lair branch before Depths: true
     0 | D:1      | 0 ||| qw: Lair rune preference: random
     0 | D:1      | 0 ||| qw: Plans: Normal
     0 | D:1      | 0 ||| PLANNING D:1-11
   108 | D:1      | Reached XP level 2. HP: 16/16 MP: 4/4
   112 | D:1      | Reached skill level 6 in Ranged Weapons
   334 | D:1      | Reached XP level 3. HP: 13/20 MP: 5/5
   625 | D:1      | 625 ||| UPGRADING to ring of poison resistance.
   626 | D:1      | 626 ||| READING scroll labelled EMAHUE JAWNILA.
   627 | D:1      | 627 ||| DROPPING scroll of butterflies.
   734 | D:2      | HP: 1/20 [worm (8)]
   735 | D:2      | Slain by an adder

Levels and vault maps discovered:
D:1:      lemuel_arrival_rhombus, layout_loops_ring, serial_forest,
          infiniplex_forest_lined_3, infiniplex_forest_lined_ring,
          infiniplex_forest_clump_cross, infiniplex_forest_straight_1,
          infiniplex_forest_lined_3, infiniplex_forest_fountain,
          infiniplex_forest_straight_3
D:2:      layout_basic, basic_altar, shapermc_ecumenical_altar_mp_highgroup,
          minmay_misc_feat_chi

Skill      XL: |  1  2 |
---------------+-------+-----
Ranged Weapons | 6 |  6.9
Fighting       | |  1.5
Dodging        | |  2.4
Stealth        | |  1.2

Action                     || total
---------------------------++-------
   Fire: Shortbow          ||    87
    Use: Scroll            ||     1
 Armour: Leather armour    ||     7
  Dodge: Dodged            ||    17

Table legend:
 A = Non-vault XP
 B = Vault XP
 C = Vault XP percentage of total XP
 D = Non-vault monster count
 E = Vault monster count
 F = Vault count percentage of total count
                 A         B        C        D         E       F
            +---------+---------+-------+---------+---------+-------
      Total |      59 |       0 |   0.0 |      28 |       0 |   0.0
            +---------+---------+-------+---------+---------+-------
        D:1 |      49 |       0 |   0.0 |      24 |       0 |   0.0
        D:2 |      10 |       0 |   0.0 |       4 |       0 |   0.0
            +---------+---------+-------+---------+---------+-------
